 Dungeon Crawl Stone Soup version 0.24-a0-350-g5b3daab8ba (webtiles) character file.

Game seed: 14752640977112081106

688 tsouns the Sneak (level 7, -2/49 HPs)
             Began as an Octopode Berserker on May 23, 2019.
             Was a Priest of Trog.
             Slain by a gnoll
             ... wielding a +0 spear
              (9 damage)
             ... on level 4 of the Dungeon.
             The game lasted 00:09:01 (3499 turns).

tsouns the Sneak (Octopode Berserker)               Turns: 3499, Time: 00:09:03

Health: -2/49      AC:  1    Str: 18    XL:     7   Next: 62%
Magic:  7/7        EV: 15    Int:  9    God:    Trog [***...]
Gold:   229        SH:  0    Dex: 12    Spells: 6/6 levels left

rFire    . . .     SeeInvis .   t - +0 trident
rCold    . . .     Gourm    .   (no shield)
rNeg     . . .     Faith    .   (helmet restricted)
rPois    .         Spirit   .   j - amulet of magic regeneration
rElec    .         Reflect  .   h - ring of stealth
rCorr    .         Harm     .   (no ring)
MR       .....                  (no ring)
Stlth    +++++.....             (no ring)
HPRegen  0.16/turn              (no ring)
MPRegen  0.35/turn              (no ring)
                                (no ring)
                                (no ring)

@: lethally poisoned (-2 -> -3), berserk cooldown, slowed, very slow
A: almost no armour, stealthy swim, amphibious, 8 rings, constrict 8, camouflage
1, gelatinous body 1
a: Berserk, Trog's Hand, Renounce Religion


You were on level 4 of the Dungeon.
You worshipped Trog.
Trog was most pleased with you.
You were hungry.

You visited 1 branch of the dungeon, and saw 4 of its levels.
You also visited: Sewer.

You collected 229 gold pieces.

Inventory:

Hand Weapons
 a - a +0 spear
 k - a +0 scythe
 t - a +0 trident (weapon)
Missiles
 d - 129 stones (quivered)
 i - 29 sling bullets
Jewellery
 h - a ring of stealth (left tentacle)
 j - an amulet of magic regeneration (around mantle)
Wands
 m - a wand of flame (37)
 o - a wand of random effects (22)
 w - a wand of digging (5)
Scrolls
 q - a scroll of teleportation
Potions
 c - 2 potions of heal wounds
 e - a potion of might {unknown}
 g - 2 potions of degeneration {unknown}
 l - a potion of resistance {unknown}
 n - a potion of lignification {unknown}
 p - 3 potions of curing
 r - a potion of magic {unknown}
 u - a potion of flight {unknown}
 x - 2 potions of mutation {unknown}
Comestibles
 b - 14 rations
 f - 2 chunks of flesh


   Skills:
 + Level 4.5 Fighting
 * Level 5.3 Polearms
 + Level 1.4 Throwing
 + Level 4.6 Dodging
 + Level 5.8 Stealth


You had 6 spell levels left.
You didn't know any spells.
Your spell library was empty.

Dungeon Overview and Level Annotations

Branches:
Dungeon (4/15)
 Temple: D:4-7

Altars:
Qazlal
Ru
Uskayaw


Innate Abilities, Weirdness & Mutations

You cannot wear most types of armour.
You are very stealthy in the water. (Stealth+)
You are amphibious.
You can wear up to eight rings at the same time.
You can use your tentacles to constrict eight enemies at once.
Your skin changes colour to match your surroundings (Stealth+).
Your rubbery body absorbs attacks. (AC +1, EV +1)


Message History

You feel sick. The adder closely misses you.
You feel sick. The adder closely misses you. The adder bites you.
You barely miss the adder. Your grab misses the adder.
Your squeeze misses the adder.
The adder is almost dead.
You feel sick. The adder closely misses you. The adder bites you.
* * * LOW HITPOINT WARNING * * *
The gnoll misses you.
You hit the adder.
You kill the adder!
Trog accepts your kill. The gnoll closely misses you.
You hit the gnoll but do no damage. Your grab misses the gnoll.
Your squeeze misses the gnoll.
You feel sick. The gnoll hits you with a +0 whip.
* * * LOW HITPOINT WARNING * * *
The gnoll hits you but does no damage. The gnoll completely misses you.
The gnoll hits you from afar with a +0 spear!
You die...

... #..# #..# #..#
#..# #..# #..###### #
#..g@...# ..
##g####.# #.#####.#
#.# #....g/# ##.##
#.##..#####.<.#######
#..# #.#........#
#).# ##.#.#####.#
#..# ##.## #.# ...#
### #.#


You could see 2 gnolls.

Vanquished Creatures
  Sigmund (D:2)
  Purgy (Sewer)
  An ogre (D:4)
  A bullfrog skeleton (D:4)
  Jessica (D:2)
  Terence (D:3)
  Ijyb (D:4)
  Natasha (twice) (D:1)
  6 adders
  5 gnolls
  4 worms
  2 dart slugs (D:1)
  2 leopard geckos
  4 orcs (D:3)
  A ball python (D:3)
  7 giant cockroaches
  5 goblins
  7 hobgoblins
  A quokka (D:3)
  12 bats
  8 frilled lizards
  12 kobolds
  6 rats
91 creatures vanquished.

Notes
Turn   | Place    | Note
-------+----------+-------------------------------------------
     0 | D:1      | tsouns the Octopode Berserker began the quest for the Orb.
     0 | D:1      | Reached XP level 1. HP: 16/16 MP: 1/1
   186 | D:1      | Reached XP level 2. HP: 10/21 MP: 2/2
   412 | D:1      | Reached skill level 1 in Stealth
   640 | D:1      | Reached ** piety under Trog
   640 | D:1      | Reached XP level 3. HP: 26/26 MP: 3/3
   824 | D:2      | Noticed Natasha
  1106 | D:2      | HP: 1/26 [Natasha (7)]
  1113 | D:1      | Killed Natasha
  1113 | D:1      | Reached XP level 4. HP: 5/31 MP: 4/4
  1210 | D:1      | Noticed Natasha
  1229 | D:1      | Killed Natasha
  1486 | D:2      | Found a sacrificial altar of Ru.
  1546 | D:2      | Noticed Sigmund
  1553 | D:2      | Killed Sigmund
  1553 | D:2      | Reached XP level 5. HP: 37/37 MP: 5/5
  1553 | D:2      | Reached XP level 6. HP: 43/43 MP: 6/6
  1848 | D:2      | Found a stormy altar of Qazlal.
  1917 | D:2      | Found a hide-covered altar of Uskayaw.
  1917 | D:2      | Noticed Jessica
  1928 | D:2      | Killed Jessica
  2603 | D:3      | Noticed Terence
  2621 | D:3      | Killed Terence
  2621 | D:3      | Reached *** piety under Trog
  2622 | D:3      | Reached skill level 5 in Stealth
  3045 | D:4      | Found a glowing drain.
  3045 | D:4      | Noticed Ijyb
  3056 | D:4      | Killed Ijyb
  3056 | D:4      | Reached XP level 7. HP: 44/48 MP: 7/7
  3069 | Sewer    | Entered a sewer
  3313 | Sewer    | Noticed Purgy
  3320 | Sewer    | Killed Purgy
  3320 | Sewer    | Reached skill level 5 in Polearms
  3449 | D:4      | Reached skill level 1 in Throwing
  3499 | D:4      | Slain by a gnoll

Levels and vault maps discovered:
D:1:      dpeg_arrival_prison, layout_basic, kennysheep_doodads,
          hangedman_decor_growths, minmay_tripent
D:2:      layout_basic, nicolae_overflow_crystal_walls, lemuel_round_altar,
          eat_drink_and_be_merry_uskayaw, first_ration, serial_rivers,
          chequers_serial_rivers_large_a, chequers_serial_rivers_small_b,
          chequers_serial_rivers_small_3, chequers_serial_rivers_micro_a,
          chequers_serial_rivers_room_a, st_stairs_11, uniq_sigmund,
          uniq_jessica, uniq_natasha
D:3:      layout_loops_ring, minivault_19, minmay_lizard_king, uniq_terence
D:4:      layout_loops_ring, minmay_temple_entry_wispy,
          cheibrodos_sewer_entry_sluice, serial_shops, shop, uniq_ijyb

Skill      XL: |  1  2  3  4  5  6  7 |
---------------+----------------------+-----
Stealth        | 1 2 4 5 |  5.8
Polearms       | 4 5 |  5.3
Dodging        | 4 |  4.6
Fighting       | 4 |  4.5
Throwing       | 1 |  1.4

Action                   |  1- 3 |  4- 6 |  7- 9 || total
-------------------------+-------+-------+-------++-------
Melee: Spear             |    90 |   113 |       ||   203
       Constrict         |    19 |    28 |     6 ||    53
       Tentacles         |    13 |    19 |     8 ||    40
       Trident           |       |    20 |    35 ||    55
Invok: Berserk           |     1 |     3 |     2 ||     6
  Use: Potion            |     2 |       |       ||     2
       Scroll            |     1 |     3 |     3 ||     7
 Stab: Sleeping          |     8 |    16 |     4 ||    28
       Distracted        |       |     1 |       ||     1
  Eat: Chunk             |       |    10 |     3 ||    13
Armor: Skin              |     4 |     2 |     1 ||     7
Dodge: Dodged            |    42 |    55 |    28 ||   125

Table legend:
 A = Non-vault XP
 B = Vault XP
 C = Vault XP percentage of total XP
 D = Non-vault monster count
 E = Vault monster count
 F = Vault count percentage of total count
                 A         B        C        D         E       F
            +---------+---------+-------+---------+---------+-------
      Total |     429 |     554 |  56.4 |      63 |      28 |  30.8
            +---------+---------+-------+---------+---------+-------
        D:1 |      82 |      39 |  32.2 |      20 |       5 |  20.0
        D:2 |      54 |     272 |  83.4 |      17 |       5 |  22.7
        D:3 |     104 |      45 |  30.2 |      21 |       8 |  27.6
        D:4 |     189 |      50 |  20.9 |       5 |       4 |  44.4
      Sewer |       0 |     148 | 100.0 |       0 |       6 | 100.0
            +---------+---------+-------+---------+---------+-------
